 Dungeon Crawl Stone Soup version 0.23.2-40-g277498a001 (webtiles) character file.

Game seed: 16992079145973406149

88 DildoBatman the Conjurer (level 4, 0/30 HPs)
             Began as a Formicid Wizard on Sept 17, 2019.
             Succumbed to Robin's poison
             ... on level 1 of the Dungeon.
             The game lasted 00:04:35 (1695 turns).

DildoBatman the Conjurer (Formicid Wizard)          Turns: 1695, Time: 00:04:35

Health: 0/30       AC:  2    Str: 17    XL:     4   Next: 82%
Magic:  5/8        EV: 14    Int: 18    God:
Gold:   42         SH:  0    Dex:  9    Spells: 2/9 levels left

rFire    + . .     SeeInvis +   a - +0 hunting sling
rCold    x . .     Gourm    .   (no shield)
rNeg     . . .     Faith    +   p - +0 robe (curse)
rPois    .         Spirit   .   (helmet unavailable)
rElec    .         Reflect  .   (no cloak)
rCorr    .         Harm     .   (no gloves)
MR       .....                  (no boots)
Stlth    ++........             i - amulet of faith
HPRegen  0.10/turn              g - +2 ring of evasion
MPRegen  0.11/turn              l - ring of fire

@: mighty, lethally poisoned (0 -> -22), flying, very slightly contaminated
A: permanent stasis, dig shafts and tunnels, four strong arms, antennae 3
a: Dig, Shaft Self


You were on level 1 of the Dungeon.
You were not hungry.

You visited 1 branch of the dungeon, and saw 2 of its levels.

You collected 42 gold pieces.

Inventory:

Hand Weapons
 a - a +0 hunting sling (weapon)
 b - a +0 short sword
 c - a +0 dagger
 f - a +0 club
Missiles
 d - 75 stones (quivered)
 h - 22 arrows
 q - 22 sling bullets
 r - 21 bolts
Armour
 p - a cursed +0 robe (worn)
Jewellery
 g - a +2 ring of evasion (left hand)
 i - an amulet of faith (around neck)
 l - a ring of fire (right hand)
Scrolls
 m - a scroll of teleportation {unknown}
 o - a scroll of identify {unknown}
 t - a scroll of amnesia {unknown}
Potions
 e - a potion of curing {unknown}
 j - a potion of resistance {unknown}
Comestibles
 n - 6 chunks of flesh
 v - 2 rations


   Skills:
 - Level 1.7 Dodging
 - Level 2.4 Stealth
 - Level 3.2 Spellcasting
 * Level 3.8 Conjurations
   Level 1.0 Summonings
   Level 0.8 Translocations


You had 2 spell levels left.
You knew the following spells:

 Your Spells              Type           Power        Failure   Level  Hunger
a - Conjure Flame         Conj/Fire      ##......     22%         3    ###....
c - Magic Dart            Conj           ###.         3%          1    None
e - Mephitic Cloud        Conj/Pois/Air  #.......     28%         3    ###....

Your spell library contained the following spells:

 Spells                   Type           Power        Failure   Level  Hunger
 Call Imp                 Summ           #.......     16%         2    ##.....
 Slow                     Hex            #.......     24%         2    ##.....
 Blink                    Tloc           Unusable     N/A         2    N/A

Dungeon Overview and Level Annotations

Branches:
Dungeon (2/15)

Altars:

Annotations:
D:1 Robin


Innate Abilities, Weirdness & Mutations

You cannot be hasted, slowed, berserked, paralysed or teleported.
You can dig through walls and to a lower floor.
Your four strong arms can wield two-handed weapons with a shield.
You have a pair of large antennae on your head. (SInv)


Message History

Confirm with . or Enter, or press ? or * to list all spells.
Aiming: Mephitic Cloud (safe; 28% risk of failure)
Press: ? - help, Shift-Dir - straight line, f - Robin
Aim: Robin, wielding a +0 dagger of venom, wearing a +0 animal skin and wearing the +2 helmet of the Bagpipe {+Blink} That beam is likely to hit you.
Continue anyway?
You miscast Mephitic Cloud.
You are very lightly contaminated with residual magic.
Sparks of electricity dance between your hands.
You feel sick.
Robin hits you with a +0 dagger of venom.
You are lethally poisoned!
It was a potion of flight.
You feel very buoyant.
You fly up into the air.
You feel sick.
Robin hits you with a +0 dagger of venom.
You are more poisoned.
It was a potion of might.
You feel very mighty all of a sudden.
You die...

...........#
#..).......#
#÷########.# #.# ##.##
#.#######.#.##
############
......##.###[#####
#..........#
#.......## ##....#
#.########.#
#.###..#.###..##.###.#
#.# #.#
#.....#.....@....# #†#
#.###...........g..#.#
#####.#
#...).#........)...#.#
#.....#
###.###.###........#.#
#.##### ##.#.##.#
#.#......#.# #.#
#.###.#.#
#.#.>....#.####.## .##
##..#
#.#......#.......#
#.###.#.#
#...........###..#
##.#.##.#
##.......#.## #..#


You could see Robin.

Vanquished Creatures
  2 adders (D:2)
  A leopard gecko (D:1)
  2 ball pythons (D:2)
  2 giant cockroaches
  18 goblins
  5 hobgoblins
  8 kobolds
  12 bats
  3 frilled lizards
  10 rats
63 creatures vanquished.

Notes
Turn   | Place    | Note
-------+----------+-------------------------------------------
     0 | D:1      | DildoBatman the Formicid Wizard began the quest for the
                  | Orb.
     0 | D:1      | Reached XP level 1. HP: 13/13 MP: 4/4
    32 | D:1      | Reached skill level 1 in Conjurations
   392 | D:1      | Reached XP level 2. HP: 19/19 MP: 3/6
   640 | D:1      | Reached XP level 3. HP: 24/24 MP: 3/7
   645 | D:1      | Learned a level 3 spell: Conjure Flame
   653 | D:1      | Learned a level 3 spell: Mephitic Cloud
  1190 | D:2      | Reached XP level 4. HP: 23/30 MP: 0/8
  1663 | D:2      | Identified the +2 helmet of the Bagpipe {+Blink}
  1663 | D:2      | Noticed Robin
  1695 | D:1      | Succumbed to Robin's poison

Skill      XL: |  1  2  3 |
---------------+----------+-----
Conjurations   | 1 2 3 |  3.8
Dodging        | |  1.7
Stealth        | |  2.4
Spellcasting   | |  3.2
Summonings     | |  1.0
Translocations | |  0.8

Action                   |  1- 3 |  4- 6 || total
-------------------------+-------+-------++-------
Melee: Unarmed           |     1 |       ||     1
       Dagger            |    30 |    12 ||    42
 Fire: Hunting sling     |       |    14 ||    14
 Cast: Magic Dart        |    74 |    28 ||   102
 Abil: Dig               |     2 |       ||     2
  Use: Potion            |       |     2 ||     2
 Stab: Sleeping          |     1 |       ||     1
  Eat: Chunk             |     1 |     2 ||     3
Armor: Robe              |    14 |     2 ||    16
Dodge: Dodged            |    51 |    13 ||    64
